[Event "Titled Tuesday Blitz July 25 Early 2023"]
[White "rikchessmx"]
[Black "Begunov, Konstantin"]
[BlackFideId "4118510"]
[WhiteElo "2265"]
[BlackElo "2407"]
[Result "1-0"]
[Round "10"]
[TimeControl "180+2"]
[Date "2023.07.25"]
[WhiteClock "0:00:58"]
[BlackClock "0:00:11"]
[Board "146"]

1. e4 c5 2. Nf3 d6 3. d4 cxd4 4. Nxd4 Nf6 5. Nc3 a6 6. f4 e5 7. Nf3 Nbd7 8. Bd3 b5 9. a3 Bb7 10. O-O Be7 11. Qe1 O-O 12. Kh1 Re8 13. fxe5 Nxe5 14. Nd4 d5 15. exd5 Nxd3 16. cxd3 Bc5 17. Nde2 Nxd5 18. Qg3 Ne3 19. Bxe3 Rxe3 20. Qf4 Qe7 21. d4 Bd6 22. Qg4 Bc8 23. Qh5 g6 24. Qd5 Bb7 25. Qb3 Rxe2 26. Nxe2 Qxe2 27. Qxf7+ Kh8 28. Qxb7 Rd8 29. Qb6 Qe7 30. Rf7 Qh4 31. h3 Rf8 32. Rxf8+ Bxf8 33. d5 Qf4 34. Rd1 Bd6 35. Qd4+ Qxd4 36. Rxd4 Kg7 37. Re4 Kf6 38. Re6+ 1-0


[Site "https://www.chess.com"]

[Event "Titled Tuesday Blitz July 25 Early 2023"]
[White "Sariego Figueredo, Wilfredo"]
[Black "Al Mukhaini, Shima"]
[WhiteFideId "3500080"]
[BlackFideId "22005854"]
[WhiteElo "2217"]
[BlackElo "2402"]
[Result "1/2-1/2"]
[Round "10"]
[TimeControl "180+2"]
[Date "2023.07.25"]
[WhiteClock "0:00:03"]
[BlackClock "0:01:42"]
[Board "148"]

1. d4 Nf6 2. Bf4 c5 3. d5 Qb6 4. Nc3 Qxb2 5. Bd2 Qb6 6. e4 d6 7. f4 Bg4 8. Nf3 a6 9. e5 Nfd7 10. Rb1 Qc7 11. e6 fxe6 12. h3 Bxf3 13. Qxf3 e5 14. Bd3 g6 15. f5 gxf5 16. Bxf5 Nf6 17. g4 h6 18. h4 b5 19. g5 hxg5 20. hxg5 Rxh1+ 21. Qxh1 Nfd7 22. g6 Nf6 23. a4 b4 24. Ne4 Nbd7 25. Ng5 O-O-O 26. Ne6 Qb7 27. g7 Bxg7 28. Nxg7 Qxd5 29. Qxd5 Nxd5 30. Ne6 Rh8 31. Be4 N7f6 32. Bg2 Rg8 33. Kf2 Ng4+ 34. Kg1 Nge3 35. Bxe3 Nxe3 36. Nf4 exf4 37. Kf2 Rxg2+ 38. Kf3 e5 39. Ke4 Rxc2 40. Rh1 Kc7 41. Rh7+ Kc6 42. a5 Kb5 43. Rb7+ Kxa5 44. Rd7 Rd2 45. Rb7 Ka4 46. Kf3 a5 47. Ke4 Kb3 48. Kf3 a4 49. Ke4 a3 50. Ra7 a2 51. Rg7 Kb2 52. Rg1 b3 53. Re1 c4 54. Rc1 Kxc1 55. Kf3 d5 1/2-1/2


[Site "https://www.chess.com"]

[Event "Titled Tuesday Blitz July 25 Early 2023"]
[White "Kiseljova, Marya"]
[Black "Ramirez Vido, Robert Yorisan"]
[WhiteFideId "4155009"]
[BlackFideId "3513823"]
[WhiteElo "2154"]
[BlackElo "2379"]
[Result "1/2-1/2"]
[Round "10"]
[TimeControl "180+2"]
[Date "2023.07.25"]
[WhiteClock "0:00:16"]
[BlackClock "0:00:10"]
[Board "149"]

1. d4 g6 2. c4 Nf6 3. Nc3 Bg7 4. e4 d6 5. Bg5 O-O 6. Be2 c5 7. d5 e6 8. Nf3 h6 9. Bh4 Qb6 10. Qd2 e5 11. O-O g5 12. Bg3 Nh5 13. b3 f5 14. exf5 Bxf5 15. Rac1 Nd7 16. Bd3 Bxd3 17. Qxd3 Nf4 18. Bxf4 exf4 19. Ne4 Rae8 20. Rfe1 Re7 21. h3 Rfe8 22. Ned2 Qa5 23. Rxe7 Rxe7 24. a4 Ne5 25. Nxe5 Rxe5 26. Ne4 Qd8 27. Nd2 Qe8 28. Nf3 Re2 29. Kf1 Rb2 30. Re1 Qf7 31. Re2 Qf6 32. Rxb2 Qxb2 33. g3 fxg3 34. fxg3 a6 35. Qe3 Qb1+ 36. Kg2 Qc2+ 37. Kf1 Qf5 38. Ke2 Qxh3 39. Qe8+ Kh7 40. Qe4+ Kg8 41. Qe8+ Bf8 42. Qg6+ Bg7 43. Qe8+ 1/2-1/2


[Site "https://www.chess.com"]

[Event "Titled Tuesday Blitz July 25 Early 2023"]
[White "Larina, Maria"]
[Black "Qiao, Cindy"]
[WhiteFideId "24113182"]
[BlackFideId "2620243"]
[WhiteElo "2130"]
[BlackElo "2370"]
[Result "0-1"]
[Round "10"]
[TimeControl "180+2"]
[Date "2023.07.25"]
[WhiteClock "0:00:41"]
[BlackClock "0:00:23"]
[Board "150"]

1. e4 d5 2. Nc3 dxe4 3. Nxe4 Nc6 4. Nf3 e5 5. g3 Nf6 6. Nc3 Bg4 7. h3 Bh5 8. g4 Bg6 9. Bg2 Bc5 10. d3 O-O 11. O-O Re8 12. Bg5 h6 13. Bh4 a6 14. a4 Qd6 15. Bg3 Rad8 16. Re1 Nd7 17. Nh4 Bh7 18. Ne4 Qf8 19. Nxc5 Qxc5 20. c3 Nf6 21. Bf1 Qb6 22. Qe2 e4 23. d4 Ne7 24. Bg2 Ned5 25. a5 Qc6 26. Nf5 Bxf5 27. gxf5 Qd7 28. c4 Nb4 29. d5 c6 30. d6 Qxf5 31. Qd2 Nd3 32. Bxe4 Rxe4 33. Re3 Rxe3 34. fxe3 Nc5 35. Rf1 Qe6 36. Qg2 Nce4 37. Bh4 Rxd6 38. Rf4 Rd1+ 39. Kh2 Rd2 40. Bf2 Nxf2 41. Rxf2 Rxf2 42. Qxf2 Qxc4 43. Qd2 Qe6 44. Qd8+ Kh7 45. Qd3+ Qe4 46. Qd2 Qe5+ 47. Kg1 Nd5 48. Qd3+ f5 49. Kf2 Qe4 50. Qd2 f4 51. Qd4 Qxd4 52. exd4 g5 53. Kf3 Kg6 54. Kg4 h5+ 55. Kf3 Kf5 56. b4 g4+ 57. Ke2 Nxb4 0-1


[Site "https://www.chess.com"]

[Event "Titled Tuesday Blitz July 25 Early 2023"]
[White "FREDERICKtheMATE"]
[Black "Goughfather"]
[WhiteElo "2361"]
[BlackElo "2069"]
[Result "1-0"]
[Round "10"]
[TimeControl "180+2"]
[Date "2023.07.25"]
[WhiteClock "0:00:02"]
[BlackClock "0:00:00"]
[Board "151"]

1. Nf3 Nf6 2. d4 d5 3. g3 c6 4. Bg2 Bg4 5. O-O e6 6. c4 Nbd7 7. b3 Bd6 8. Bb2 Qe7 9. Nbd2 O-O 10. Ne5 Bf5 11. h3 h6 12. Re1 Bb4 13. a3 Ba5 14. b4 Bc7 15. c5 Nxe5 16. dxe5 Nd7 17. f4 a5 18. e4 Bh7 19. Nb3 b6 20. exd5 exd5 21. Nd4 Nb8 22. Rc1 axb4 23. axb4 bxc5 24. bxc5 Re8 25. Qb3 Ba5 26. Re3 Ra7 27. f5 Bd2 28. Rce1 Qxc5 29. f6 Bxe1 30. Rxe1 Nd7 31. Rc1 Qa5 32. Nxc6 Qb6+ 33. Qxb6 Nxb6 34. Ne7+ Kf8 35. Bd4 Rb7 36. Rc6 Nd7 37. Bxd5 gxf6 38. exf6 Nxf6 39. Bxf6 Rbxe7 40. Bxe7+ Rxe7 41. Rxh6 Kg7 42. Rc6 Bg6 43. Bg2 Re5 44. Kf2 Ra5 45. Rc3 Ra2+ 46. Kf3 Rb2 47. g4 Rd2 48. Kg3 Rd3+ 49. Rxd3 Bxd3 50. Kf4 Kh8 51. h4 Kg7 52. h5 Be2 53. Bf3 Bf1 54. g5 Bd3 55. h6+ Kh8 56. Be4 Be2 57. Ke5 Bh5 58. Kf6 Kg8 59. Bd5 Bg6 60. Bc4 Kf8 61. Bxf7 Bh7 62. g6 Bxg6 63. Bxg6 1-0


[Site "https://www.chess.com"]

[Event "Titled Tuesday Blitz July 25 Early 2023"]
[White "Mikheeva, Galina"]
[Black "Viskelis, Darius"]
[WhiteFideId "44108320"]
[BlackFideId "12800830"]
[WhiteElo "2063"]
[BlackElo "2345"]
[Result "1-0"]
[Round "10"]
[TimeControl "180+2"]
[Date "2023.07.25"]
[WhiteClock "0:00:27"]
[BlackClock "0:00:15"]
[Board "152"]

1. c4 e6 2. Nc3 d5 3. cxd5 exd5 4. d4 c5 5. Nf3 Nc6 6. dxc5 Bxc5 7. Qxd5 Qb6 8. e3 Nf6 9. Qd1 Bf5 10. Bb5 O-O 11. Bxc6 Qxc6 12. O-O Rfd8 13. Qa4 a6 14. Qxc6 bxc6 15. Na4 Be7 16. Bd2 Bd3 17. Rfc1 Ne4 18. Ba5 Rd5 19. Nb6 Rxa5 20. Nxa8 g5 21. Rxc6 g4 22. Nd4 Kg7 23. Nb6 Rb5 24. b3 Bh4 25. g3 Bf6 26. Rd1 Bxd4 27. exd4 Be2 28. Re1 Bf3 29. Nc4 Rh5 30. Ne5 Ng5 31. Rc7 Nh3+ 32. Kf1 Ng5 33. Nxf3 Nxf3 34. Ree7 Rxh2 35. Rxf7+ Kg6 36. Ke2 Rh1 37. Rg7+ Kh6 38. Rxh7+ Kg6 39. Rxh1 1-0


[Site "https://www.chess.com"]

[Event "Titled Tuesday Blitz July 25 Early 2023"]
[White "Fajdetic, Hrvoje"]
[Black "Saim, Mohamed Ilias"]
[WhiteFideId "14501945"]
[BlackFideId "7900465"]
[WhiteElo "2342"]
[BlackElo "1946"]
[Result "0-1"]
[Round "10"]
[TimeControl "180+2"]
[Date "2023.07.25"]
[WhiteClock "0:00:13"]
[BlackClock "0:00:55"]
[Board "153"]

1. f4 c5 2. e4 g6 3. Nf3 Bg7 4. d3 Nc6 5. Be2 d6 6. O-O Bg4 7. c3 Nf6 8. a4 O-O 9. Na3 e5 10. Nc4 Re8 11. Qe1 Be6 12. Na3 Nh5 13. fxe5 dxe5 14. Ng5 Nf4 15. Bxf4 exf4 16. Nxe6 fxe6 17. Rxf4 Bh6 18. Rf3 Ne5 19. Rh3 Bg7 20. Rd1 Qb6 21. Qd2 Rad8 22. Kh1 Rf8 23. d4 Qb3 24. Qc2 Qxc2 25. Nxc2 cxd4 26. cxd4 Nc6 27. d5 exd5 28. exd5 Rf2 29. dxc6 Rxd1+ 30. Bxd1 Rf1# 0-1


[Site "https://www.chess.com"]

[Event "Titled Tuesday Blitz July 25 Early 2023"]
[White "Herman, Daniel"]
[Black "KSho99"]
[WhiteFideId "30935008"]
[WhiteElo "2398"]
[BlackElo "2208"]
[Result "1-0"]
[Round "10"]
[TimeControl "180+2"]
[Date "2023.07.25"]
[WhiteClock "0:00:07"]
[BlackClock "0:00:00"]
[Board "154"]

1. c4 Nf6 2. Nc3 e5 3. Nf3 d6 4. d4 exd4 5. Nxd4 g6 6. g3 Bg7 7. Bg2 O-O 8. O-O Re8 9. b3 c6 10. Bb2 Qc7 11. Qd2 Na6 12. Rad1 Nc5 13. Qf4 Nh5 14. Qf3 Ne6 15. Nc2 Ng5 16. Qd3 Bf5 17. Qd2 Ne4 18. Nxe4 Bxb2 19. Nxd6 Red8 20. Nd4 Bxd4 21. Qxd4 Ng7 22. c5 Ne6 23. Qe5 Rd7 24. e4 Bg4 25. f3 Bh5 26. g4 Rad8 27. b4 1-0


[Site "https://www.chess.com"]

[Event "Titled Tuesday Blitz July 25 Early 2023"]
[White "chessmateto"]
[Black "SoyuzTM4"]
[WhiteElo "2320"]
[BlackElo "2187"]
[Result "1-0"]
[Round "10"]
[TimeControl "180+2"]
[Date "2023.07.25"]
[WhiteClock "0:00:28"]
[BlackClock "0:00:00"]
[Board "155"]

1. c4 e5 2. Nc3 Nf6 3. g3 Nc6 4. Bg2 Bb4 5. Nd5 O-O 6. Nxb4 Nxb4 7. a3 Nc6 8. d3 h6 9. Nf3 d6 10. O-O Be6 11. b4 Qd7 12. Re1 Nh7 13. Bb2 f5 14. Rc1 e4 15. dxe4 fxe4 16. Nd4 Ng5 17. Nxe6 Qxe6 18. Qd5 Rae8 19. h4 Nf7 20. b5 Na5 21. Bc3 Nb3 22. Rb1 Qxd5 23. cxd5 Nc5 24. Bd4 b6 25. Rb4 h5 26. Bxc5 dxc5 27. Rxe4 Rxe4 28. Bxe4 Nd6 29. Bg6 Nxb5 30. e4 Nd4 31. Bxh5 Kh7 32. e5 Kh6 33. Bd1 c6 34. d6 c4 35. e6 Re8 36. e7 c3 37. d7 Rxe7 38. Rxe7 c2 39. Bxc2 Nxc2 40. d8=Q Nd4 41. Qxd4 Kg6 42. Qxg7+ 1-0


[Site "https://www.chess.com"]

[Event "Titled Tuesday Blitz July 25 Early 2023"]
[White "UgarteCesar"]
[Black "Hrescak, Ivana"]
[BlackFideId "14613441"]
[WhiteElo "2286"]
[BlackElo "2136"]
[Result "1/2-1/2"]
[Round "10"]
[TimeControl "180+2"]
[Date "2023.07.25"]
[WhiteClock "0:00:17"]
[BlackClock "0:00:27"]
[Board "156"]

1. d4 d5 2. Bf4 Nf6 3. e3 c5 4. Nf3 Nc6 5. c3 Bg4 6. Be2 e6 7. Nbd2 Bd6 8. Ne5 Bxe2 9. Qxe2 Bxe5 10. dxe5 Nd7 11. Nf3 h6 12. h3 g5 13. Bh2 h5 14. e4 g4 15. hxg4 hxg4 16. Nd2 Ndxe5 17. exd5 Qxd5 18. O-O-O Qxg2 19. Rdg1 Qd5 20. Bxe5 Rxh1 21. Rxh1 Qxh1+ 22. Kc2 Qd5 23. Bf6 Qf5+ 24. Ne4 Ne7 25. Qb5+ Nc6 26. Qe2 Ne7 27. Qb5+ Nc6 28. Qe2 1/2-1/2


[Site "https://www.chess.com"]

[Event "Titled Tuesday Blitz July 25 Early 2023"]
[White "Schut, Han"]
[Black "Gyulamiryan-koryun"]
[WhiteFideId "1005561"]
[WhiteElo "2281"]
[BlackElo "2065"]
[Result "1-0"]
[Round "10"]
[TimeControl "180+2"]
[Date "2023.07.25"]
[WhiteClock "0:00:15"]
[BlackClock "0:00:00"]
[Board "157"]

1. e4 c5 2. Nf3 d6 3. d4 cxd4 4. Nxd4 Nf6 5. f3 a6 6. c4 e6 7. Nc3 Be7 8. Be3 O-O 9. Qd2 b6 10. Rc1 Bb7 11. Qf2 Nbd7 12. Be2 Rc8 13. O-O Qc7 14. Rfd1 Qb8 15. b4 Rfd8 16. Nb3 Ba8 17. Na4 b5 18. cxb5 axb5 19. Nb6 Nxb6 20. Bxb6 Rxc1 21. Rxc1 Rc8 22. Rxc8+ Qxc8 23. Bxb5 Qc3 24. Qd2 Qe5 25. Bd3 d5 26. Bd4 Qb8 27. Bc5 Bd8 28. exd5 Nxd5 29. b5 h6 30. a4 Bf6 31. Bc2 Be5 32. h3 Bf4 33. Qd3 g6 34. Nd4 e5 35. Ne6 Nb4 36. Bxb4 Qb6+ 37. Bc5 Qxe6 38. Bb3 1-0


[Site "https://www.chess.com"]

[Event "Titled Tuesday Blitz July 25 Early 2023"]
[White "Graham, Nathaniel"]
[Black "Khouri, Ahmed Abbas"]
[WhiteFideId "2007983"]
[BlackFideId "9301518"]
[WhiteElo "1997"]
[BlackElo "2227"]
[Result "0-1"]
[Round "10"]
[TimeControl "180+2"]
[Date "2023.07.25"]
[WhiteClock "0:00:00"]
[BlackClock "0:02:33"]
[Board "158"]

1. e4 d5 2. exd5 Qxd5 3. Nc3 Qd6 4. Bc4 Nf6 5. d4 c6 6. Nf3 Bg4 7. Be3 Nbd7 8. h3 Bh5 9. Qe2 e6 10. O-O-O b5 11. Bb3 a5 12. a4 bxa4 13. Nxa4 Be7 14. g4 Bg6 15. Qd2 O-O 16. Bf4 Qb4 17. Ne5 Qb7 18. h4 Be4 19. f3 Bd5 20. Bxd5 Nxd5 21. Nxd7 Qxd7 22. Be5 c5 0-1


[Site "https://www.chess.com"]

[Event "Titled Tuesday Blitz July 25 Early 2023"]
[White "Rodchenkov, Sergey D."]
[Black "ivana_999"]
[WhiteFideId "4168712"]
[WhiteElo "2508"]
[BlackElo "2064"]
[Result "1-0"]
[Round "10"]
[TimeControl "180+2"]
[Date "2023.07.25"]
[WhiteClock "0:02:06"]
[BlackClock "0:00:26"]
[Board "159"]

1. e4 e6 2. d4 d5 3. Nc3 Nf6 4. e5 Ng8 5. Nf3 c5 6. Bd3 Nc6 7. O-O cxd4 8. Nb5 a6 9. Nbxd4 Nxd4 10. Nxd4 Ne7 11. f4 Nf5 12. Bxf5 exf5 13. Kh1 Be6 14. Be3 Be7 15. c3 Rc8 16. a4 Bc5 17. Qb3 Bxd4 18. Bxd4 Qd7 19. Qd1 g6 20. Qe1 Qe7 21. Qf2 Rc6 22. a5 O-O 23. Rfe1 Rfc8 24. Re3 h5 25. Rg3 Kf8 26. b4 Ke8 27. Re3 Kd7 28. Ree1 Rh8 29. Reb1 h4 30. b5 axb5 31. Rxb5 Kc8 32. Rab1 Rc7 33. a6 g5 34. axb7+ Kb8 35. Ba7# 1-0


[Site "https://www.chess.com"]

[Event "Titled Tuesday Blitz July 25 Early 2023"]
[White "djjohnnywoo"]
[Black "Orlov, Oleg"]
[BlackFideId "4166612"]
[WhiteElo "2136"]
[BlackElo "2390"]
[Result "0-1"]
[Round "10"]
[TimeControl "180+2"]
[Date "2023.07.25"]
[WhiteClock "0:00:00"]
[BlackClock "0:01:23"]
[Board "160"]

1. g3 c5 2. Bg2 Nc6 3. e4 g6 4. Nc3 Bg7 5. Nge2 h5 6. h3 e6 7. d3 Nge7 8. Be3 Nd4 9. Qd2 d6 10. O-O h4 11. g4 e5 12. f3 f5 13. Bg5 f4 14. Nd5 Bf8 15. Nexf4 exf4 16. c3 Ne6 17. Nf6+ Kf7 18. d4 cxd4 19. cxd4 Nxg5 20. Qxf4 Ne6 21. Qe3 Kxf6 22. e5+ dxe5 23. Qxe5+ Kf7 24. Qxh8 Qxd4+ 25. Qxd4 Nxd4 26. f4 Bg7 27. Rae1 Be6 28. Bxb7 Rb8 29. Bg2 Rxb2 30. f5 gxf5 31. gxf5 Nexf5 32. Re4 Rxg2+ 33. Kxg2 Bd5 34. Rf4 Bh6 35. Kh2 Bxf4+ 36. Rxf4 Bxa2 0-1


[Site "https://www.chess.com"]

[Event "Titled Tuesday Blitz July 25 Early 2023"]
[White "Lisjak, Zlatko"]
[Black "Samaganova, Aleksandra"]
[WhiteFideId "14502186"]
[BlackFideId "13800221"]
[WhiteElo "2121"]
[BlackElo "2245"]
[Result "0-1"]
[Round "10"]
[TimeControl "180+2"]
[Date "2023.07.25"]
[WhiteClock "0:00:00"]
[BlackClock "0:00:13"]
[Board "161"]

1. e4 e6 2. d4 d5 3. e5 c5 4. c3 Nc6 5. Nf3 Qb6 6. a3 Bd7 7. h4 cxd4 8. cxd4 Rc8 9. Nc3 Na5 10. Rb1 Rxc3 11. Bd3 Rc8 12. h5 Bb5 13. Rh3 Bxd3 14. Qxd3 Ne7 15. h6 gxh6 16. Bg5 hxg5 17. Nxg5 Nf5 18. Nxh7 Bg7 19. Rd1 Nc4 20. g4 Nxb2 21. Qf3 Nxd4 22. Nf6+ Bxf6 23. Rxd4 Qxd4 24. exf6 Rc1+ 25. Ke2 Qd1+ 26. Ke3 Rc3+ 27. Kf4 Rxf3+ 28. Rxf3 Qxf3+ 29. Kxf3 Nc4 30. g5 Rg8 0-1


[Site "https://www.chess.com"]

[Event "Titled Tuesday Blitz July 25 Early 2023"]
[White "Fernandez Hernandez, Gerardo"]
[Black "Jahnz, Fabian"]
[WhiteFideId "2207400"]
[BlackFideId "4653300"]
[WhiteElo "2227"]
[BlackElo "2095"]
[Result "1-0"]
[Round "10"]
[TimeControl "180+2"]
[Date "2023.07.25"]
[WhiteClock "0:00:49"]
[BlackClock "0:00:18"]
[Board "162"]

1. e4 c6 2. d4 d5 3. exd5 cxd5 4. c4 Nf6 5. Nc3 Nc6 6. Bf4 Be6 7. c5 g6 8. Nf3 Bg7 9. Bb5 O-O 10. O-O Ne4 11. Re1 f5 12. Bxc6 bxc6 13. Ne5 Bd7 14. f3 Nf6 15. Qe2 Nh5 16. Bg5 h6 17. Be3 Bxe5 18. dxe5 f4 19. Bd4 e6 20. b4 Rb8 21. Reb1 Ng7 22. Qa6 Nf5 23. Ne2 Qc7 24. Qd3 Kg7 25. Nxf4 Rf7 26. Ne2 g5 27. Ng3 Nxd4 28. Qxd4 Rf4 29. Nh5+ 1-0


[Site "https://www.chess.com"]

[Event "Titled Tuesday Blitz July 25 Early 2023"]
[White "Kuchava, Ana"]
[Black "Maluco_do_Natal_00"]
[WhiteFideId "13605348"]
[WhiteElo "2212"]
[BlackElo "2040"]
[Result "0-1"]
[Round "10"]
[TimeControl "180+2"]
[Date "2023.07.25"]
[WhiteClock "0:00:01"]
[BlackClock "0:00:15"]
[Board "163"]

1. d4 d5 2. Nf3 Nf6 3. c4 c6 4. Qb3 e6 5. Bg5 Be7 6. e3 Nbd7 7. Nc3 a6 8. cxd5 cxd5 9. Bd3 O-O 10. O-O b5 11. Rac1 Bb7 12. a4 b4 13. Na2 a5 14. Bb5 Ba6 15. Bxa6 Rxa6 16. Rc2 h6 17. Bh4 Nb6 18. Ne5 Bd6 19. Rc6 g5 20. Bg3 Bxe5 21. Bxe5 Nfd7 22. Rfc1 Nxe5 23. dxe5 Qa8 24. f4 Nc4 25. Rxa6 Qxa6 26. Rd1 Rc8 27. Nc1 Qb6 28. Re1 Nxe3 29. Qxe3 Qxe3+ 30. Rxe3 Rxc1+ 31. Kf2 Rc2+ 32. Kf3 Rxb2 33. fxg5 hxg5 34. Re1 Kg7 35. Rc1 Ra2 36. g3 Rxa4 37. Kg4 Kg6 38. Rc8 b3+ 39. Kf3 g4+ 40. Kf2 Rb4 41. Rc1 b2 42. Rb1 a4 0-1


[Site "https://www.chess.com"]

[Event "Titled Tuesday Blitz July 25 Early 2023"]
[White "Lohani, Sujana"]
[Black "campochess"]
[WhiteFideId "12311987"]
[WhiteElo "1941"]
[BlackElo "2152"]
[Result "0-1"]
[Round "10"]
[TimeControl "180+2"]
[Date "2023.07.25"]
[WhiteClock "0:01:28"]
[BlackClock "0:00:59"]
[Board "164"]

1. d4 Nf6 2. Nf3 g6 3. c4 Bg7 4. g3 d5 5. Bg2 dxc4 6. O-O O-O 7. Nc3 c6 8. a4 Na6 9. Ne5 Ng4 10. Nxc4 Qxd4 11. Qb3 Nc5 12. Qa2 Be6 13. e3 Qxc4 0-1


[Site "https://www.chess.com"]

[Event "Titled Tuesday Blitz July 25 Early 2023"]
[White "Atanasov, Radislav"]
[Black "Cardenas Carbajal, Nilson"]
[WhiteFideId "2901471"]
[BlackFideId "8401128"]
[WhiteElo "2224"]
[BlackElo "2148"]
[Result "1-0"]
[Round "10"]
[TimeControl "180+2"]
[Date "2023.07.25"]
[WhiteClock "0:02:11"]
[BlackClock "0:00:48"]
[Board "165"]

1. e4 e5 2. Nf3 Nc6 3. Bb5 a6 4. Ba4 Nf6 5. O-O Nxe4 6. d4 b5 7. Bb3 d5 8. dxe5 Be6 9. Nbd2 Bc5 10. Nxe4 dxe4 11. Qxd8+ Rxd8 12. Bxe6 fxe6 13. Ng5 Nxe5 14. Nxe6 Rd5 15. Nxc7+ 1-0


[Site "https://www.chess.com"]

[Event "Titled Tuesday Blitz July 25 Early 2023"]
[White "Guevara Sanchez, Erick Marvin"]
[Black "Zepeda Berlanga, Jan Enrique"]
[WhiteFideId "6700136"]
[BlackFideId "5132355"]
[WhiteElo "2088"]
[BlackElo "1861"]
[Result "0-1"]
[Round "10"]
[TimeControl "180+2"]
[Date "2023.07.25"]
[WhiteClock "0:00:00"]
[BlackClock "0:00:07"]
[Board "166"]

1. e4 c5 2. d4 cxd4 3. c3 dxc3 4. Bc4 Nc6 5. Nf3 d6 6. O-O Nf6 7. Nxc3 Bg4 8. Bg5 e6 9. Re1 Be7 10. h3 Bh5 11. g4 Bg6 12. Qe2 O-O 13. Red1 h6 14. Bh4 Qb6 15. Bg3 Qd8 16. e5 Nd5 17. Nxd5 exd5 18. Bxd5 Qb6 19. exd6 Bxd6 20. Bxd6 Rfe8 21. Qf1 Rad8 22. Bg3 Nb4 23. Bb3 Bd3 24. Rxd3 Nxd3 25. Rd1 Nc5 26. Bc4 Qf6 27. Kg2 Ne4 28. Bh4 g5 29. Bg3 Rxd1 30. Qxd1 Rd8 31. Qb3 Nxg3 32. Kxg3 b6 33. Qc3 Qf4+ 34. Kg2 Re8 35. Nd4 Re4 36. Nf5 Qe5 37. Qf3 Kh7 38. Bd3 Rf4 39. Nh4+ Kh8 40. Qa8+ Kg7 0-1


[Site "https://www.chess.com"]

[Event "Titled Tuesday Blitz July 25 Early 2023"]
[White "Piesik, Piotr"]
[Black "Semenova, Alina"]
[WhiteFideId "1136194"]
[BlackFideId "24113875"]
[WhiteElo "2609"]
[BlackElo "2071"]
[Result "0-1"]
[Round "10"]
[TimeControl "180+2"]
[Date "2023.07.25"]
[WhiteClock "0:00:50"]
[BlackClock "0:00:41"]
[Board "167"]

1. Nf3 d5 2. g3 Nf6 3. Bg2 e6 4. O-O Be7 5. d3 O-O 6. Nbd2 c5 7. e4 dxe4 8. dxe4 Nc6 9. c3 Qc7 10. Qc2 b6 11. Re1 e5 12. Nc4 b5 13. Ne3 Bb7 14. Nd5 Nxd5 15. exd5 Nd8 16. Nxe5 Bd6 17. Nd3 c4 18. Nf4 Bc8 19. a4 Nb7 20. axb5 Nc5 21. Be3 Nb3 22. Rad1 Bg4 23. f3 Bd7 24. Ne2 Bxb5 25. Nd4 Nxd4 26. Rxd4 Rfe8 27. Rh4 g6 28. Qf2 Rxe3 29. Qxe3 Bc5 30. Rd4 Re8 31. Qd2 Rxe1+ 32. Qxe1 Bxd4+ 33. cxd4 Qd6 34. f4 f6 35. Qe6+ Qxe6 36. dxe6 Kf8 37. d5 Ke7 38. Kf2 Kd6 39. Ke3 a5 40. Kd4 Ba6 41. Bf1 c3 42. bxc3 Bxf1 43. c4 a4 44. c5+ Ke7 45. c6 Kd6 46. Kc3 Bg2 47. Kb4 Bxd5 48. e7 Kxe7 49. c7 Kd7 0-1


[Site "https://www.chess.com"]

[Event "Titled Tuesday Blitz July 25 Early 2023"]
[White "Vafin, Ayrat"]
[Black "Navyblue1"]
[WhiteFideId "4146530"]
[WhiteElo "2306"]
[BlackElo "1913"]
[Result "0-1"]
[Round "10"]
[TimeControl "180+2"]
[Date "2023.07.25"]
[WhiteClock "0:00:00"]
[BlackClock "0:00:04"]
[Board "168"]

1. d4 Nf6 2. Bf4 c5 3. e3 Qb6 4. Nc3 d6 5. a3 Bd7 6. Rb1 e6 7. Nf3 Be7 8. h3 O-O 9. Be2 cxd4 10. exd4 d5 11. O-O Nc6 12. Re1 Rac8 13. Bb5 a6 14. Ba4 Qa7 15. Bxc6 Bxc6 16. Ne5 Be8 17. Re3 b5 18. Rg3 Kh8 19. Bg5 Rg8 20. Bxf6 Bxf6 21. Nf3 Rc4 22. Rg4 Qc7 23. Qe2 a5 24. Nxb5 Bxb5 25. b3 Rxc2 26. Qxb5 Rc1+ 27. Rxc1 Qxc1+ 28. Kh2 Qc7+ 29. g3 Rb8 30. Qa4 Qb6 31. b4 axb4 32. axb4 Qxb4 33. Qd7 Qb7 34. Qa4 h6 35. Qc2 Rc8 36. Qd3 Qc7 37. Ne5 Bxe5 38. dxe5 Qxe5 39. f4 Qf6 40. Qe3 Rd8 41. Qd3 d4 42. h4 Qf5 43. Kh3 Qxd3 0-1


[Site "https://www.chess.com"]

[Event "Titled Tuesday Blitz July 25 Early 2023"]
[White "Bogumil, Tatiana"]
[Black "Floresvillar Gonzalez, Luis Migu"]
[WhiteFideId "4110579"]
[BlackFideId "5100542"]
[WhiteElo "2013"]
[BlackElo "2086"]
[Result "0-1"]
[Round "10"]
[TimeControl "180+2"]
[Date "2023.07.25"]
[WhiteClock "0:00:00"]
[BlackClock "0:01:56"]
[Board "169"]

1. Nf3 d5 2. c4 c6 3. b3 Nf6 4. Bb2 Bf5 5. g3 e6 6. Bg2 Nbd7 7. O-O Be7 8. d3 O-O 9. Nbd2 h6 10. h3 Re8 11. a3 a5 12. Re1 Qb6 13. e4 dxe4 14. dxe4 Bh7 15. e5 Nh5 16. Bd4 Bc5 17. Bxc5 Qxc5 18. Qe2 Nxg3 19. Qe3 Qxe3 20. Rxe3 Nf5 21. Rc3 Nc5 22. Re1 Red8 23. Nf1 b6 24. N3d2 Rac8 25. Ne4 Nxe4 26. Bxe4 Ne7 27. Ng3 Nf5 28. f4 Nxg3 29. Rxg3 Bxe4 30. Rxe4 Rd2 31. Rg2 Rcd8 32. Re3 g6 33. h4 h5 0-1


[Site "https://www.chess.com"]

[Event "Titled Tuesday Blitz July 25 Early 2023"]
[White "Wisniowski, Natalie"]
[Black "Estevez Polanco, Leonardo Rafael"]
[WhiteFideId "30929261"]
[BlackFideId "6402798"]
[WhiteElo "2008"]
[BlackElo "2082"]
[Result "1/2-1/2"]
[Round "10"]
[TimeControl "180+2"]
[Date "2023.07.25"]
[WhiteClock "0:00:10"]
[BlackClock "0:00:48"]
[Board "170"]

1. e4 e5 2. Nf3 Nc6 3. d4 exd4 4. Bc4 d6 5. O-O Nf6 6. Re1 Be7 7. Nxd4 Nxd4 8. Qxd4 O-O 9. Bg5 h6 10. Bh4 b6 11. Nc3 Bb7 12. Rad1 Ng4 13. Bxe7 Qxe7 14. Nd5 Bxd5 15. exd5 Qg5 16. Be2 Nf6 17. Bf3 Rfe8 18. Qc3 Rxe1+ 19. Qxe1 Re8 20. Qc3 Qe5 21. Qxe5 Rxe5 22. g3 Kf8 23. Kf1 Ke7 24. Rd3 Kd8 25. c4 Nd7 26. b4 Kc8 27. Bg4 f5 28. Bf3 Kb8 29. a4 Nf6 30. Kg2 g5 31. Re3 Rxe3 32. fxe3 g4 33. Bd1 Kc8 34. Bc2 Ne4 35. h3 h5 36. hxg4 hxg4 37. Bd3 Kd7 38. Bxe4 fxe4 39. Kf2 c5 40. b5 Ke7 41. Ke2 Kf6 42. Kd2 Ke5 43. Kc2 Kf6 44. Kc3 Kg6 45. Kd2 Kf6 46. Kc2 Ke5 47. Kc3 Kf5 48. Kb3 Ke5 49. Kb2 Kf6 50. Kc2 1/2-1/2


[Site "https://www.chess.com"]